[Event "2023 Norbert Muller Cup (Division A)"]
[Site "Woodvale, Perth WA AUS"]
[Date "2023.10.18"]
[Round "2"]
[White "Wolstencroft, Alan"]
[Black "Clarke, Daniel"]
[Result "1-0"]
[ECO "C90"]
[WhiteElo "1865"]
[BlackElo "1928"]
[PlyCount "109"]
[EventDate "2023.10.11"]
[EventType "tourn"]
[EventRounds "7"]
[EventCountry "AUS"]
[TimeControl "3600+30"]

1. e4 e5 2. Nf3 Nc6 3. Bb5 a6 4. Ba4 Nf6 5. d3 b5 6. Bb3 Be7 7. O-O d6 8. c3
Na5 9. Bc2 c5 10. Nbd2 O-O 11. Re1 Qc7 12. Nf1 Re8 13. Ng3 Kh8 14. h3 Nc6 15.
Be3 g6 16. d4 cxd4 17. cxd4 Bf8 18. Rc1 Qb7 19. Qd2 Qe7 20. d5 Nd8 21. Bg5 a5
22. Bd3 Ba6 23. Qxa5 Nb7 24. Qd2 Bg7 25. b4 Rec8 26. Rxc8+ Rxc8 27. Rc1 Qd7 28.
a4 Rxc1+ 29. Qxc1 Ng8 30. Qc6 Qxc6 31. dxc6 f6 32. cxb7 Bxb7 33. Bc1 bxa4 34.
Bb5 Ne7 35. Bxa4 f5 36. Bg5 fxe4 37. Nxe4 Nc8 38. Ned2 Nb6 39. Bc2 d5 40. Bd8
Nd7 41. Nb3 d4 42. Nc5 Nxc5 43. bxc5 e4 44. Nd2 d3 45. Ba4 Bc3 46. Nc4 Ba6 47.
Ne3 Bd4 48. c6 d2 49. Bd1 Kg7 50. Nd5 Kf8 51. Bg5 Bc8 52. Be3 Bxe3 53. fxe3 Ke8
54. Nb6 Ba6 55. c7 1-0

[Event "2023 Norbert Muller Cup (Division A)"]
[Site "Woodvale, Perth WA AUS"]
[Date "2023.10.18"]
[Round "2"]
[White "Curthoys, Edward"]
[Black "Gibson, Jacob"]
[Result "0-1"]
[ECO "D00"]
[WhiteElo "1934"]
[BlackElo "2018"]
[PlyCount "66"]
[EventDate "2023.10.11"]
[EventType "tourn"]
[EventRounds "7"]
[EventCountry "AUS"]
[TimeControl "3600+30"]

1. d4 d5 2. Bf4 c5 3. c3 Nc6 4. e3 Qb6 5. Qb3 c4 6. Qc2 Nf6 7. Nd2 g6 8. f3 Nh5
9. Bg5 h6 10. Bh4 e5 11. g4 Ng7 12. Ne2 exd4 13. exd4 Bd6 14. Bg3 Qc7 15. Bg2
Ne7 16. Kf2 h5 17. Bxd6 Qxd6 18. h3 Bd7 19. b3 b5 20. a4 cxb3 21. Nxb3 Ne6 22.
axb5 Bxb5 23. Ra5 a6 24. Qa2 Rc8 25. Rc1 h4 26. Qa3 Qc7 27. Rxb5 axb5 28. Qb4
O-O 29. Re1 Ra8 30. Nd2 Ra2 31. Nf1 Nf4 32. Qb1 Qc4 33. Qd1 Nd3+ 0-1

[Event "2023 Norbert Muller Cup (Division B)"]
[Site "Woodvale, Perth WA AUS"]
[Date "2023.10.18"]
[Round "2"]
[White "Michael, Ashley"]
[Black "Balavignan, Ashvin"]
[Result "0-1"]
[ECO "C02"]
[WhiteElo "1563"]
[BlackElo "1683"]
[PlyCount "48"]
[EventDate "2023.10.11"]
[EventType "tourn"]
[EventRounds "7"]
[EventCountry "AUS"]
[TimeControl "3600+30"]

1. e4 e6 2. d4 d5 3. e5 c5 4. c3 Nc6 5. Nf3 Qb6 6. Bd3 Bd7 7. O-O cxd4 8. cxd4
Nxd4 9. Nxd4 Qxd4 10. Nc3 Qxe5 11. Re1 Qd6 12. Nb5 Qb8 13. Qf3 Bxb5 14. Bxb5+
Ke7 15. Bf4 Qd8 16. Qa3+ Kf6 17. Be5+ Kg6 18. Qg3+ Qg5 19. Bd3+ f5 20. Qf3 Nf6
21. Bf4 Qh5 22. Qe3 Ne4 23. Be2 Qh4 24. f3 Bc5 0-1

[Event "2023 Norbert Muller Cup (Division B)"]
[Site "Woodvale, Perth WA AUS"]
[Date "2023.11.22"]
[Round "2"]
[White "Browning, Thomas"]
[Black "Leonhardt, Wolfgang"]
[Result "0-1"]
[ECO "D53"]
[WhiteElo "1651"]
[BlackElo "1760"]
[PlyCount "61"]
[EventDate "2023.10.11"]
[EventType "tourn"]
[EventRounds "7"]
[EventCountry "AUS"]
[TimeControl "3600+30"]

1. d4 d5 2. c4 c6 3. Nf3 Nf6 4. Bg5 e6 5. Nc3 Be7 6. h4 Nbd7 7. e3 h6 8. Bxf6
Bxf6 9. Rc1 O-O 10. Bd3 dxc4 11. Bb1 Be7 12. g4 f5 13. Qc2 Rf7 14. gxf5 exf5
15. e4 fxe4 16. Qxe4 Nf8 17. Ne5 Rf6 18. Rg1 Bf5 19. Qg2 Ne6 20. Bxf5 Rxf5 21.
Qh3 Rxe5+ 22. dxe5 Nc5 23. Rd1 Nd3+ 24. Kf1 b5 25. Qe6+ Kh8 26. Qxc6 Qf8 27.
Rxd3 cxd3 28. Qxb5 Bxh4 29. Rg2 Rd8 30. Nd5 Qf3 31. Ne3 0-1

[Event "2023 Norbert Muller Cup (Division B)"]
[Site "Woodvale, Perth WA AUS"]
[Date "2023.10.18"]
[Round "2"]
[White "Weijermars, Tristan"]
[Black "Gough, Dylan"]
[Result "1/2-1/2"]
[ECO "A00"]
[WhiteElo "1575"]
[BlackElo "1823"]
[PlyCount "68"]
[EventDate "2023.10.11"]
[EventType "tourn"]
[EventRounds "7"]
[EventCountry "AUS"]
[TimeControl "3600+30"]

1. Nc3 e5 2. Nf3 Nc6 3. d4 exd4 4. Nxd4 Bc5 5. Nb3 Bb4 6. Bd2 Nf6 7. a3 Bxc3 8.
Bxc3 O-O 9. e3 d6 10. Be2 Ne4 11. Qd3 Qe7 12. Nd4 Nxd4 13. Qxd4 Nxc3 14. Qxc3
Be6 15. O-O Rac8 16. Qa5 a6 17. Qb4 c5 18. Qf4 Qc7 19. Rfd1 Rfd8 20. Rd2 d5 21.
Qxc7 Rxc7 22. Rad1 Rcd7 23. c3 Kf8 24. g4 f5 25. g5 h6 26. h4 hxg5 27. hxg5 Ke7
28. Kg2 Rh8 29. Bf3 Rhd8 {(=)} 30. Kg3 Bf7 31. Kf4 Ke6 32. Bg2 {(=)} Bh5 33.
Rh1 g6 34. Bh3 Rf8 1/2-1/2

[Event "2023 Norbert Muller Cup (Division C)"]
[Site "Woodvale, Perth WA AUS"]
[Date "2023.10.18"]
[Round "2"]
[White "Hintz, Steven"]
[Black "Akers, Gerard"]
[Result "0-1"]
[ECO "E41"]
[WhiteElo "1553"]
[BlackElo "1562"]
[PlyCount "58"]
[EventDate "2023.10.11"]
[EventType "tourn"]
[EventRounds "7"]
[EventCountry "AUS"]
[TimeControl "3600+30"]

1. d4 Nf6 2. c4 e6 3. Nc3 Bb4 4. e3 d5 5. Nf3 c5 6. dxc5 Ne4 7. Qb3 Nc6 8. Bd2
Nxd2 9. Nxd2 O-O 10. Nf3 Qa5 11. Rc1 Rd8 12. cxd5 exd5 13. a3 Bxc5 14. Be2 d4
15. exd4 Bxd4 16. O-O Bb6 17. Bc4 Qf5 18. Qc2 Qxc2 19. Rxc2 Bg4 20. Ng5 Ne5 21.
Ba2 h6 22. Nge4 Rac8 23. Kh1 Nc4 24. Ne2 Nd2 25. Rxd2 Rxd2 26. Nxd2 Bxe2 27.
Re1 Bxf2 28. Rb1 Rc2 29. Nb3 Bc4 0-1

[Event "2023 Norbert Muller Cup (Division C)"]
[Site "Woodvale, Perth WA AUS"]
[Date "2023.11.22"]
[Round "2"]
[White "Brooke, John"]
[Black "Massam, Justin"]
[Result "0-1"]
[ECO "A22"]
[WhiteElo "1462"]
[BlackElo "1542"]
[PlyCount "94"]
[EventDate "2023.10.11"]
[EventType "tourn"]
[EventRounds "7"]
[EventCountry "AUS"]
[TimeControl "3600+30"]

1. c4 e5 2. e4 Nf6 3. Nc3 Bb4 4. Bd3 Nc6 5. Nf3 d6 6. a3 Bxc3 7. bxc3 O-O 8. h3
Be6 9. Qe2 Rb8 10. a4 a6 11. a5 b6 12. axb6 Rxb6 13. c5 dxc5 14. Rxa6 Re8 15.
O-O Nh5 16. Rxb6 cxb6 17. Bb5 Nf4 18. Qe3 Bd7 19. Bxc6 Bxc6 20. Nxe5 Qg5 21.
Ng4 Rxe4 22. Qf3 Re6 23. d4 Bxf3 24. Bxf4 Qxf4 25. gxf3 Qxf3 26. Ra1 h6 27. Ne5
Qd5 28. Kh2 cxd4 29. cxd4 Qxd4 30. Ra8+ Kh7 31. Ng4 Qd6+ 32. Kg1 Re1+ 33. Kg2
Qc6+ 34. Kg3 Qxa8 35. Kh4 b5 36. f4 b4 37. Ne5 Qd8+ 38. Kg3 Rxe5 39. fxe5 Qg5+
40. Kf3 Qxe5 41. h4 b3 42. h5 b2 43. Kf2 b1=Q 44. Kf3 Qd4 45. Kg3 Qb3+ 46. Kg2
Qdb2+ 47. Kf1 Qd1# 0-1

[Event "2023 Norbert Muller Cup (Division C)"]
[Site "Woodvale, Perth WA AUS"]
[Date "2023.10.18"]
[Round "2"]
[White "Curtis, Calan"]
[Black "Sethuraman, Jaswanth Ram"]
[Result "1-0"]
[ECO "D00"]
[WhiteElo "1431"]
[BlackElo "1298"]
[PlyCount "81"]
[EventDate "2023.10.11"]
[EventType "tourn"]
[EventRounds "7"]
[EventCountry "AUS"]
[TimeControl "3600+30"]

1. d4 d5 2. Nc3 Nf6 3. Bf4 e6 4. e3 Bb4 5. Bd3 Bxc3+ 6. bxc3 Nc6 7. Nf3 Bd7 8.
c4 h6 9. Rb1 b6 10. c3 a5 11. h3 Ra7 12. Qc2 Qe7 13. Bh2 a4 14. cxd5 exd5 15.
Bb5 Ne4 16. Bxa4 Nxc3 17. Bxc6 Nxb1 18. Bxd7+ Qxd7 19. Qxb1 O-O 20. Ne5 Qa4 21.
O-O f6 22. Ng6 Rf7 23. Qb3 Qxa2 24. Qxa2 Rxa2 25. Nf4 c6 26. Rc1 Rfa7 27. Bg3
g5 28. Nh5 Kf7 29. Rxc6 Ra1+ 30. Kh2 Rb1 31. Rxf6+ Ke7 32. Bd6+ Kd8 33. Rf8+
Kd7 34. Rf7+ Kxd6 35. Rxa7 b5 36. Ra6+ Kc7 37. Nf6 b4 38. Nxd5+ Kb7 39. Rb6+
Ka7 40. Rxb4 Rxb4 41. Nxb4 1-0

[Event "2023 Norbert Muller Cup (Division C)"]
[Site "Woodvale, Perth WA AUS"]
[Date "2023.10.18"]
[Round "2"]
[White "Walker, Colin"]
[Black "Boswarva, Ernest"]
[Result "0-1"]
[ECO "D10"]
[WhiteElo "1461"]
[BlackElo "1537"]
[PlyCount "86"]
[EventDate "2023.10.11"]
[EventType "tourn"]
[EventRounds "7"]
[EventCountry "AUS"]
[TimeControl "3600+30"]

1. c4 c6 2. Nc3 d5 3. cxd5 cxd5 4. d4 Nf6 5. g3 e6 6. Bg2 Nc6 7. e3 Bb4 8. Nge2
Ne4 9. O-O f5 10. a3 Qa5 11. Rb1 Nxc3 12. bxc3 Bxc3 13. Nxc3 Qxc3 14. Rb3 Qc4
15. Bd2 O-O 16. Re1 a6 17. Qb1 Qa4 18. Qb2 Nd8 19. Bb4 Rf7 20. Bc5 Qd7 21. Bf1
b5 22. Rc1 Nc6 23. Bb4 Bb7 24. Be1 Qe7 25. Rb1 e5 26. a4 exd4 27. axb5 Ne5 28.
bxa6 Bxa6 29. Bxa6 Nf3+ 30. Kh1 Nxe1 31. Rxe1 Qe4+ 32. Kg1 Rxa6 33. Qe2 Re6 34.
Qd1 Rfe7 35. f3 Qe5 36. Kf2 g5 37. Re2 f4 38. gxf4 gxf4 39. Rb1 fxe3+ 40. Kg1
Rh6 41. Rg2+ Rg7 42. Rxg7+ Kxg7 43. Qe2 d3 0-1

[Event "2023 Norbert Muller Cup (Division D)"]
[Site "Woodvale, Perth WA AUS"]
[Date "2023.10.18"]
[Round "2"]
[White "Porteus, Grant"]
[Black "Dawoud, Ahmad"]
[Result "0-1"]
[ECO "D02"]
[WhiteElo "1431"]
[BlackElo "966"]
[PlyCount "55"]
[EventDate "2023.10.11"]
[EventType "swiss"]
[EventRounds "7"]
[EventCountry "AUS"]
[TimeControl "3600+30"]

1. d4 d5 2. Bf4 Bf5 3. e3 e6 4. Nf3 Bd6 5. Ne5 Bxe5 6. Bxe5 Nf6 7. c4 Nbd7 8.
Bg3 Nb6 9. c5 Nbd7 10. Nc3 a6 11. Qb3 Ra7 12. Qa4 c6 13. Bd6 Ne4 14. Nxe4 Bxe4
15. b4 Qf6 16. b5 e5 17. bxc6 bxc6 18. Qxc6 exd4 19. Rd1 dxe3 20. f3 Qc3+ 21.
Ke2 Qc2+ 22. Kxe3 d4+ 23. Kf4 Bxc6 24. Bd3 Qxg2 25. Rhe1+ Kd8 26. Be4 Qxh2+ 27.
Kf5 g6+ 28. Kg5 0-1

[Event "2023 Norbert Muller Cup (Division D)"]
[Site "Woodvale, Perth WA AUS"]
[Date "2023.10.18"]
[Round "2"]
[White "Gough, Sebastian"]
[Black "Powell, Darren"]
[Result "1-0"]
[ECO "A10"]
[WhiteElo "1058"]
[BlackElo "1336"]
[PlyCount "143"]
[EventDate "2023.10.11"]
[EventType "swiss"]
[EventRounds "7"]
[EventCountry "AUS"]
[TimeControl "3600+30"]

1. c4 g6 2. Nf3 Bg7 3. e3 e5 4. Nc3 Nc6 5. b3 d6 6. e4 Bg4 7. h3 Bxf3 8. Qxf3
Nd4 9. Qd3 Nf6 10. f3 Nh5 11. Ne2 Qh4+ 12. g3 Nxg3 13. Nxg3 Qxg3+ 14. Kd1 Nxf3
15. Be2 Qf4 16. Qxf3 Qh4 17. Rf1 Qe7 18. h4 Rf8 19. Qg4 f5 20. exf5 Rf6 21.
fxg6 Rxg6 22. Qh5 Bf6 23. Rg1 O-O-O 24. Rxg6 hxg6 25. Qxg6 e4 26. Qf5+ Kb8 27.
h5 Bxa1 28. h6 Rh8 29. Bg4 Rf8 30. Qg6 Bf6 31. h7 Qe5 32. Qg8 Qe8 33. Bd7 Qd8
34. Qe6 a6 35. d4 Bxd4 36. Bh6 Rh8 37. Qxe4 Bc3 38. Qd3 Be5 39. Qf5 Qh4 40. Qg6
Qd4+ 41. Ke1 Qa1+ 42. Kf2 Qxa2+ 43. Kg1 Qh2+ 44. Kf1 Bf4 45. Qg8+ Rxg8 46.
hxg8=Q+ Ka7 47. Bg7 Qg3 48. Bd4+ c5 49. Qxg3 Bxg3 50. Bc3 Bf4 51. Kf2 a5 52.
Bxa5 b6 53. Bc3 Kb7 54. Bb5 Bc1 55. Kf3 Kc7 56. Ke4 Bg5 57. Kf5 Be7 58. Ke6 Kd8
59. Bg7 Bg5 60. Kxd6 Bf4+ 61. Kc6 Bc7 62. Bf8 Kc8 63. Ba6+ Kb8 64. Be7 Bh2 65.
Kxb6 Bc7+ 66. Kxc5 Ka7 67. Bd6 Bxd6+ 68. Kxd6 Kxa6 69. c5 Kb7 70. Kd7 Kb8 71.
c6 Ka7 72. c7 1-0

[Event "2023 Norbert Muller Cup (Division D)"]
[Site "Woodvale, Perth WA AUS"]
[Date "2023.10.18"]
[Round "2"]
[White "Jahn, Harold"]
[Black "Bordas, Lindsay"]
[Result "0-1"]
[ECO "D02"]
[WhiteElo "997"]
[BlackElo "1196"]
[PlyCount "88"]
[EventDate "2023.10.11"]
[EventType "swiss"]
[EventRounds "7"]
[EventCountry "AUS"]
[TimeControl "3600+30"]

1. d4 e6 2. Nf3 d5 3. e3 c5 4. Bd2 cxd4 5. exd4 Bd6 6. Bd3 Nf6 7. Nc3 O-O 8. h4
Re8 9. Qe2 Nc6 10. O-O-O e5 11. Ng5 g6 12. Qf3 e4 13. Bxe4 dxe4 14. Ncxe4 Be7
15. h5 Bg4 16. Nxf6+ Bxf6 17. Qxg4 Qxd4 18. Qxd4 Nxd4 19. hxg6 Kg7 20. Bc3 Ne2+
21. Kd2 Nxc3 22. bxc3 Bxg5+ 23. Kd3 Kxg6 24. g3 Rad8+ 25. Kc4 Re4+ 26. Kb3 Rxd1
27. Rxd1 Re2 28. f4 Bf6 29. Rf1 Re3 30. Rg1 Rxc3+ 31. Kb4 Rxc2 32. a4 Rb2+ 33.
Ka3 Rf2 34. Rb1 Rf3+ 35. Kb4 Rxg3 36. Rf1 Rg4 37. Kb5 Bd4 38. f5+ Kf6 39. a5
Rg5 40. a6 bxa6+ 41. Kxa6 Rxf5 42. Rd1 Rf4 43. Kb7 h5 44. Rh1 h4 0-1

[Event "2023 Norbert Muller Cup (Division D)"]
[Site "Woodvale, Perth WA AUS"]
[Date "2023.10.18"]
[Round "2"]
[White "Nel, Kevin"]
[Black "Hounsome, David"]
[Result "0-1"]
[ECO "C02"]
[WhiteElo "1147"]
[BlackElo "1417"]
[PlyCount "78"]
[EventDate "2023.10.11"]
[EventType "swiss"]
[EventRounds "7"]
[EventCountry "AUS"]
[TimeControl "3600+30"]

1. e4 e6 2. Nf3 d5 3. e5 c5 4. d4 Nc6 5. Bb5 Bd7 6. O-O Nxe5 7. Bxd7+ Nxd7 8.
Nc3 cxd4 9. Qxd4 Ngf6 10. Bf4 Bc5 11. Qd2 O-O 12. Ne2 Rc8 13. Ng3 b5 14. h4 Re8
15. h5 Nxh5 16. Nxh5 e5 17. Bh6 g6 18. Ng7 Re7 19. Ng5 d4 20. Rad1 Rc6 21. c3
f5 22. cxd4 exd4 23. Qf4 Rxg7 24. Rfe1 Re7 25. Qf3 Rd6 26. Rxe7 Qxe7 27. Qa8+
Nf8 28. Nxh7 Rd8 29. Qc6 Nxh7 30. Qxg6+ Kh8 31. Qxf5 Nf6 32. Bg5 Rf8 33. Rc1
Bb6 34. Rc8 Bd8 35. Rc6 Kg7 36. Qh3 Qe1+ 37. Kh2 Rh8 38. Bxf6+ Bxf6 39. Rc7+
Be7 0-1

[Event "2023 Norbert Muller Cup (Division D)"]
[Site "Woodvale, Perth WA AUS"]
[Date "2023.10.18"]
[Round "2"]
[White "Markou, Victor"]
[Black "Lanham, Bruce"]
[Result "0-1"]
[ECO "B15"]
[WhiteElo "1042"]
[BlackElo "1215"]
[PlyCount "72"]
[EventDate "2023.10.11"]
[EventType "swiss"]
[EventRounds "7"]
[EventCountry "AUS"]
[TimeControl "3600+30"]

1. e4 c6 2. Nf3 d5 3. Nc3 dxe4 4. Nxe4 Nf6 5. Nxf6+ exf6 6. d4 Bd6 7. g3 Nd7 8.
Bg2 O-O 9. O-O Re8 10. Be3 Qc7 11. Re1 Nb6 12. c4 Nxc4 13. Nd2 Nxe3 14. fxe3
Bf5 15. e4 Bg6 16. Rc1 Qb6 17. Nc4 Qd8 18. d5 Bc5+ 19. Kh1 cxd5 20. exd5 Rc8
21. Nd2 b6 22. a3 Rxe1+ 23. Qxe1 Qe8 24. b4 Qxe1+ 25. Rxe1 Bd6 26. Ne4 Bxe4 27.
Bxe4 Rc3 28. a4 Bxb4 29. Rd1 Bd6 30. Bd3 g6 31. Re1 Rxd3 32. Re8+ Kg7 33. Rd8
Rxd5 34. Rd7 a5 35. Rb7 Bc5 36. h3 Rd4 0-1

[Event "2023 Norbert Muller Cup (Division A)"]
[Site "Woodvale, Perth WA AUS"]
[Date "2023.10.25"]
[Round "3"]
[White "Gibson, Jacob"]
[Black "Maris, Rob"]
[Result "0-1"]
[ECO "B56"]
[WhiteElo "2018"]
[BlackElo "2099"]
[PlyCount "76"]
[EventDate "2023.10.11"]
[EventType "tourn"]
[EventRounds "7"]
[EventCountry "AUS"]
[TimeControl "3600+30"]

1. e4 c5 2. Nf3 Nc6 3. d4 cxd4 4. Nxd4 Nf6 5. Nc3 d6 6. f3 Qb6 7. Nb3 g6 8. Bg5
Bg7 9. Bxf6 Bxf6 10. Nd5 Qd8 11. Nxf6+ exf6 12. Qd2 Be6 13. O-O-O Ke7 14. f4
Qc7 15. Be2 Rac8 16. Kb1 h5 17. Rhe1 a5 18. f5 Bd7 19. a3 a4 20. Nc1 g5 21. Na2
Ne5 22. Nc3 Bc6 23. Bb5 Ra8 24. Qd4 Rhb8 25. Qb4 Nd7 26. Re2 Nb6 27. Red2 Rd8
28. Re1 Kf8 29. e5 fxe5 30. Rxe5 Kg8 31. Re3 Bxb5 32. Nxb5 Qc5 33. Nxd6 Qxe3
34. Rd4 Nc8 35. Re4 Qg1+ 36. Re1 Qb6 37. Nxc8 Qxb4 38. Ne7+ Qxe7 0-1

[Event "2023 Norbert Muller Cup (Division A)"]
[Site "Woodvale, Perth WA AUS"]
[Date "2023.10.25"]
[Round "3"]
[White "Clarke, Daniel"]
[Black "Curthoys, Edward"]
[Result "1-0"]
[ECO "B11"]
[WhiteElo "1928"]
[BlackElo "1934"]
[PlyCount "67"]
[EventDate "2023.10.11"]
[EventType "tourn"]
[EventRounds "7"]
[EventCountry "AUS"]
[TimeControl "3600+30"]

1. e4 c6 2. Nc3 d5 3. Nf3 e6 4. d3 d4 5. Nb1 e5 6. Be2 Bd6 7. O-O Ne7 8. Nbd2
Nd7 9. c3 c5 10. Nc4 Bc7 11. Qb3 h6 12. Nh4 O-O 13. f4 exf4 14. Bxf4 Bxf4 15.
Rxf4 Nf6 16. Raf1 Be6 17. Qc2 b5 18. Na3 Rb8 19. Qd2 Ng6 20. Nxg6 fxg6 21. e5
Nd7 22. cxd4 cxd4 23. Rxd4 Rxf1+ 24. Kxf1 Qb6 25. Rd6 Rf8+ 26. Bf3 Qc7 27. Rxe6
Nxe5 28. Qc3 Qxc3 29. bxc3 Nxd3 30. Nxb5 Rf5 31. c4 Nb2 32. Nd6 Ra5 33. Be4 Kf8
34. Re8# 1-0

[Event "2023 Norbert Muller Cup (Division A)"]
[Site "Woodvale, Perth WA AUS"]
[Date "2023.10.25"]
[Round "3"]
[White "Plaganyi, Gyula"]
[Black "Wolstencroft, Alan"]
[Result "1-0"]
[ECO "B07"]
[WhiteElo "1990"]
[WhiteTitle "CM"]
[BlackElo "1865"]
[PlyCount "125"]
[EventDate "2023.10.11"]
[EventType "tourn"]
[EventRounds "7"]
[EventCountry "AUS"]
[TimeControl "3600+30"]

1. d4 Nf6 2. Bf4 d6 3. Nc3 g6 4. e4 Bg7 5. Qd2 c6 6. f3 b5 7. Bh6 O-O 8. h4 Qa5
9. g4 Bxh6 10. Qxh6 b4 11. Nce2 b3+ 12. Nc3 bxc2 13. Nge2 Na6 14. Qd2 Nb4 15.
Nc1 Be6 16. Bd3 Rab8 17. O-O Nxd3 18. Nxd3 Bc4 19. b3 Bxd3 20. Qxd3 Qb4 21. Ne2
c5 22. Rfc1 Rfc8 23. Rxc2 cxd4 24. Rxc8+ Rxc8 25. Qxd4 Qxd4+ 26. Nxd4 Rc5 27.
Kf2 h5 28. g5 Nd7 29. Rd1 Ne5 30. Rd2 Kf8 31. f4 Ng4+ 32. Ke2 e5 33. Nf3 Ke7
34. fxe5 dxe5 35. Kd3 Ke6 36. b4 Rc1 37. Rc2 Rxc2 38. Kxc2 Kd6 39. a4 f5 40.
gxf6 Nxf6 41. Ng5 Nd7 42. Kc3 a6 43. Kb3 Kc6 44. Nf7 Kb6 45. Kc4 Nf6 46. Nxe5
Nxe4 47. Nxg6 Nd6+ 48. Kd5 Nf5 49. Ke5 Ne3 50. Nf4 Kc6 51. Ke4 Nc4 52. Nxh5 Nb2
53. b5+ axb5 54. axb5+ Kxb5 55. Nf6 Nc4 56. h5 Nd6+ 57. Ke5 Kc6 58. Ke6 Nb5 59.
h6 Nd4+ 60. Kf7 Nf3 61. Ne4 Ne5+ 62. Kg7 Kd7 63. h7 1-0

[Event "2023 Norbert Muller Cup (Division A)"]
[Site "Woodvale, Perth WA AUS"]
[Date "2023.10.25"]
[Round "3"]
[White "Saxon, Marc"]
[Black "Janceski, Alex"]
[Result "1-0"]
[ECO "B99"]
[WhiteElo "2047"]
[BlackElo "1878"]
[PlyCount "43"]
[EventDate "2023.10.11"]
[EventType "tourn"]
[EventRounds "7"]
[EventCountry "AUS"]
[TimeControl "3600+30"]

1. e4 c5 2. Nf3 d6 3. d4 cxd4 4. Nxd4 Nf6 5. Nc3 a6 6. Bg5 e6 7. f4 Be7 8. Qf3
Nbd7 9. O-O-O Qc7 10. g4 b5 11. a3 Bb7 12. Bxf6 Bxf6 13. g5 Bxd4 14. Rxd4 O-O
15. Bg2 Nb6 16. f5 Rad8 17. f6 Nc4 18. Qh5 Qc5 19. Rd3 gxf6 20. Nd5 fxg5 21.
Qxg5+ Kh8 22. Qf6+ 1-0

[Event "2023 Norbert Muller Cup (Division B)"]
[Site "Woodvale, Perth WA AUS"]
[Date "2023.10.25"]
[Round "3"]
[White "Gough, Dylan"]
[Black "Michael, Ashley"]
[Result "1-0"]
[ECO "D32"]
[WhiteElo "1823"]
[BlackElo "1563"]
[PlyCount "45"]
[EventDate "2023.10.11"]
[EventType "tourn"]
[EventRounds "7"]
[EventCountry "AUS"]
[TimeControl "3600+30"]

1. d4 Nf6 2. c4 c5 3. e3 e6 4. Nc3 d5 5. Nf3 Nc6 6. cxd5 exd5 7. Bb5 a6 8.
Bxc6+ bxc6 9. O-O Bg4 10. h3 Bh5 11. Re1 Be7 12. dxc5 Bxc5 13. Qa4 Qc7 14. Nd4
Kd7 15. e4 Rhe8 16. e5 Rab8 17. Nb3 Bd6 18. Bg5 Bxe5 19. Bxf6 Bxc3 20. Bxc3 Qd6
21. Qxa6 Bg6 22. Qa7+ Qc7 23. Qxc7+ 1-0

[Event "2023 Norbert Muller Cup (Division B)"]
[Site "Woodvale, Perth WA AUS"]
[Date "2023.10.25"]
[Round "3"]
[White "Leonhardt, Wolfgang"]
[Black "Weijermars, Tristan"]
[Result "1-0"]
[ECO "D30"]
[WhiteElo "1760"]
[BlackElo "1575"]
[PlyCount "75"]
[EventDate "2023.10.11"]
[EventType "tourn"]
[EventRounds "7"]
[EventCountry "AUS"]
[TimeControl "3600+30"]

1. d4 d5 2. Nf3 Nf6 3. c4 e6 4. a3 c5 5. dxc5 Bxc5 6. b4 Be7 7. Bb2 dxc4 8. Nc3
Qxd1+ 9. Rxd1 O-O 10. e3 a6 11. Bxc4 b5 12. Be2 Ra7 13. O-O Rd7 14. Ne5 Rxd1
15. Rxd1 Bb7 16. g4 Rd8 17. f3 Rxd1+ 18. Bxd1 Nbd7 19. Nd3 Nd5 20. Nxd5 Bxd5
21. Kf2 Bc4 22. Bc2 Kf8 23. f4 Ke8 24. Kf3 g6 25. e4 Bd8 26. Ke3 a5 27. Ne5
Bb6+ 28. Bd4 Bxd4+ 29. Kxd4 Nxe5 30. Kxe5 axb4 31. axb4 Ke7 32. g5 Be2 33. h4
Bc4 34. f5 exf5 35. exf5 Be2 36. Be4 Bc4 37. f6+ Kd7 38. Bd5 1-0

[Event "2023 Norbert Muller Cup (Division B)"]
[Site "Woodvale, Perth WA AUS"]
[Date "2023.10.25"]
[Round "3"]
[White "Bhatia, Abhay"]
[Black "Browning, Thomas"]
[Result "1-0"]
[ECO "D06"]
[WhiteElo "1745"]
[BlackElo "1651"]
[PlyCount "43"]
[EventDate "2023.10.11"]
[EventType "tourn"]
[EventRounds "7"]
[EventCountry "AUS"]
[TimeControl "3600+30"]

1. d4 d5 2. c4 Nf6 3. cxd5 Nxd5 4. e4 Nf6 5. Nc3 b6 6. Bb5+ Nbd7 7. e5 c6 8.
Bxc6 Rb8 9. exf6 gxf6 10. Bf4 Rb7 11. Nb5 Bg7 12. Qg4 Kf8 13. Bxb7 Bxb7 14. Nf3
a6 15. Nc3 Rg8 16. O-O e5 17. dxe5 fxe5 18. Rad1 Bc8 19. Nxe5 Bxe5 20. Bh6+ Bg7
21. Qb4+ Ke8 22. Rfe1+ 1-0

[Event "2023 Norbert Muller Cup (Division B)"]
[Site "Woodvale, Perth WA AUS"]
[Date "2023.10.25"]
[Round "3"]
[White "Balavignan, Ashvin"]
[Black "Oswald, Franz"]
[Result "1-0"]
[ECO "E43"]
[WhiteElo "1683"]
[BlackElo "1678"]
[PlyCount "55"]
[EventDate "2023.10.11"]
[EventType "tourn"]
[EventRounds "7"]
[EventCountry "AUS"]
[TimeControl "3600+30"]

1. d4 Nf6 2. c4 e6 3. Nc3 Bb4 4. e3 b6 5. Qf3 d5 6. Bd3 Bb7 7. Bd2 Qc8 8. Qg3
O-O 9. Nf3 dxc4 10. Bxc4 Bxc3 11. Bxc3 Ne4 12. Qh3 Nxc3 13. bxc3 c5 14. Bd3 f5
15. O-O Rf6 16. Ne5 Nd7 17. Qg3 Nxe5 18. Qxe5 Rg6 19. f3 Qb8 20. Qxb8+ Rxb8 21.
dxc5 Rc8 22. cxb6 axb6 23. Rac1 Rd8 24. Rcd1 Ra8 25. Rd2 Rd8 26. Kf2 Bd5 27.
Bc4 Ra8 28. Rxd5 1-0

[Event "2023 Norbert Muller Cup (Division C)"]
[Site "Woodvale, Perth WA AUS"]
[Date "2023.11.22"]
[Round "3"]
[White "Boswarva, Ernest"]
[Black "Hintz, Steven"]
[Result "1/2-1/2"]
[ECO "B13"]
[WhiteElo "1537"]
[BlackElo "1553"]
[PlyCount "89"]
[EventDate "2023.10.11"]
[EventType "tourn"]
[EventRounds "7"]
[EventCountry "AUS"]
[TimeControl "3600+30"]

1. d4 Nf6 2. e3 d5 3. Bd3 c5 4. c3 cxd4 5. exd4 Bg4 6. Ne2 e6 7. f3 Bh5 8. Nf4
Bg6 9. Nxg6 hxg6 10. Bg5 Bd6 11. f4 Nbd7 12. Nd2 Qc7 13. g3 a6 14. Nf3 Nh7 15.
Qe2 Nhf8 16. Ne5 Be7 17. Bxe7 Kxe7 18. O-O-O b5 19. Kb1 Nb6 20. g4 Nc4 21. f5
Nxe5 22. dxe5 gxf5 23. gxf5 Rh6 24. Rhg1 g6 25. fxg6 Nxg6 26. Qe3 Rah8 27. Qg5+
Ke8 28. Rdf1 Qe7 29. Rf6 Rh5 30. Qg3 Nxe5 31. Rgf1 Rf8 32. Bg6 Nxg6 33. Qb8+
Qd8 34. Qxd8+ Kxd8 35. Rxg6 Rxh2 36. Rxe6 fxe6 37. Rxf8+ Kc7 38. Ra8 Kb7 39.
Re8 Rh6 40. Kc2 Rh2+ 41. Kb3 Rh6 42. Kb4 Kb6 43. Rb8+ Ka7 44. Re8 Kb6 45. Rb8+
1/2-1/2

[Event "2023 Norbert Muller Cup (Division C)"]
[Site "Woodvale, Perth WA AUS"]
[Date "2023.10.25"]
[Round "3"]
[White "Sethuraman, Jaswanth Ram"]
[Black "Walker, Colin"]
[Result "1-0"]
[ECO "B30"]
[WhiteElo "1298"]
[BlackElo "1461"]
[PlyCount "25"]
[EventDate "2023.10.11"]
[EventType "tourn"]
[EventRounds "7"]
[EventCountry "AUS"]
[TimeControl "3600+30"]

1. e4 c5 2. Nf3 g6 3. Bc4 e6 4. Nc3 Bg7 5. d3 Nc6 6. Bf4 Nge7 7. Nb5 e5 8. Nd6+
Kf8 9. Bg3 Qa5+ 10. c3 Nd8 11. Nxe5 Bxe5 12. Bxe5 Rg8 13. Qf3 1-0

[Event "2023 Norbert Muller Cup (Division C)"]
[Site "Woodvale, Perth WA AUS"]
[Date "2023.10.25"]
[Round "3"]
[White "Massam, Justin"]
[Black "Curtis, Calan"]
[Result "1-0"]
[ECO "D02"]
[WhiteElo "1542"]
[BlackElo "1431"]
[PlyCount "41"]
[EventDate "2023.10.11"]
[EventType "tourn"]
[EventRounds "7"]
[EventCountry "AUS"]
[TimeControl "3600+30"]

1. d4 e6 2. Nf3 d5 3. Bf4 c5 4. c3 Qb6 5. b3 Nc6 6. e3 cxd4 7. exd4 Nf6 8. Bd3
Nh5 9. Be3 Bd6 10. O-O Qc7 11. Nbd2 b6 12. Re1 Bb7 13. Rc1 Qc8 14. Ng5 g6 15.
Qf3 Qc7 16. Qh3 Nf4 17. Bxf4 Bxf4 18. Nxe6 fxe6 19. Qxe6+ Ne7 20. Qf6 Rf8 21.
Bb5+ 1-0